Workbook
Name A: 'Backup sheet'!$D$2
Name ab: 'Backup sheet'!$E$3:$E$4
Name AE: 'Backup sheet'!$H$2
Name AOE: 'Backup sheet'!$I$2:$I$8
Name B: 'Backup sheet'!$D$3
Name BL: 'Backup sheet'!$J$2
Name BND: 'Backup sheet'!$D$4:$D$6
Name BOB: 'Backup sheet'!$E$3:$E$5
Name BS: 'Backup sheet'!$E$5
Name BWS: 'Backup sheet'!$I$9
Name CSOD: 'Backup sheet'!$F$2:$F$5
Name D: 'Backup sheet'!$D:$D
Name DCD: 'Backup sheet'!$I$3:$I$8
Name DD: 'Backup sheet'!$D$4
Name Default: 'Backup sheet'!$K$2
Name EE: 'Backup sheet'!$D$5
Name FF: 'Backup sheet'!$D$6
Name gf: #REF!
Name JJ: 'Backup sheet'!$E$2
Name KK: 'Backup sheet'!$E$3
Name LC: 'Backup sheet'!$H$2:$H$3
Name LDC: 'Backup sheet'!$I$2:$I$9
Name LL: 'Backup sheet'!$E$4
Name MBW: 'Backup sheet'!$I$3:$I$9
Name MM: 'Backup sheet'!$E$6
Name MMM: 'Backup sheet'!$B$4
Name NA: 'Backup sheet'!$J$4
Name NL: 'Backup sheet'!$H$3
Name NN: 'Backup sheet'!$E$7
Name OB: 'Backup sheet'!$E$4:$E$5
Name OO: 'Backup sheet'!$E$8
Name s: #REF!
Name SSS: 'Backup sheet'!$G$2:$G$3
Name tcs: 'Backup sheet'!$B$3
Name Type: 'Backup sheet'!$A$2:$A$6
Name vv: 'Backup sheet'!$B$2
Name YNN: 'Backup sheet'!$J$2:$J$4

Sheet Backup sheet
A1: FIA - Type of Compliant | B1: IA Visit/Tele Call Verification Status | C1: If Tele Call Not Success | D1: Availability of Borrower | E1: Confirmed By | F1: Cash Siphoned Off Details (Drop Down) | G1: If TeleCall Success | H1: Loan Card | I1: Availability of Evidence
A2: Collection Amount Misappropriated | B2: Visited | C2: Invalid Number | D2: Borrower Available | E2: Borrower | F2: Safe Locker Cash Siphoned Off | G2: Borrower | H2: Available | I2: Loan Card | J2: Yes
A3: Pre-Closure Amount Misappropriated | B3: Tele Call Success | C3: Incoming Facility Barred | D3: Borrower Not Available | E3: Borrower Family Member | F3: Collection Entry done in FIMO without Collecting Amount from Borrower - Borrower Details Available | G3: Borrower Family Member | H3: Not Available | I3: Digital Payment | J3: No
A4: Disbursed Amount Recollected | B4: Tele Call Not Success | C4: No Answer | D4: Borrower Not Traceable | E4: Other Borrower | F4: Collection Entry done in FIMO without Collecting Amount from Borrower - Borrower Details Not Available | I4: Cash Receipt | J4: NA
A5: Advance Collection Amount Misappropriated | C5: Out of Coverage Area | D5: Borrower-Migrated | E5: Branch Staff | F5: Collection Entry done in FIMO without Collecting Amount from Borrower - Borrower Details Partial Available | I5: Delinquent Staff Written Statement
A6: Loan Amount Misappropriation | C6: Other Member | D6: Borrower Death | E6: Borrower Migrated | I6: Center Meeting Register
C7: Staff Mobile Number | E7: Borrower Not Treceable | I7: Handwritten Receipt
C8: Switched Off | E8: Borrower Death | I8: Multiple Evidence
C9: Wrong Number | I9: Borrower Written Statement

Sheet Fraud Investigation Report
A1: Spandana Sphoorty Financial Limited
A2: Fraud Risk Management Department
A3: Fraud Investigation Report Tracker Version 1.2
A4: Sr. No. | B4: Financial Year/Quarter (Formula) | C4: Branch Code (Formula) | D4: Branch Name (Formula) | E4: State (Formula) | F4: Region (Formula) | G4: Date of Identification (DD-MMM-YY) | H4: Identified by (IA/Business/HR/IT etc) (Drop Down) | I4: Date of Complaint Raised (DD-MMM-YY) | J4: Compliant Number (Formula) | K4: Initial No. of Borrowers Identified | L4: Preliminary Fraud Amount | M4: Preliminary Fraud Amount Recovered | N4: AH Name/ID | O4: RH Name/ID | P4: SH Name/ID | Q4: CBO/DCBO Name/ID | R4: Name of the Staff Involved (Formula) | S4: Employee Designation (Formula) | T4: Employee Code (Formula) | U4: Employee Current Status (Drop Down) | V4: Date, if Employee not available/not working (DD-MMM-YY) | W4: Type of Compliant (Formula) | X4: Multiple Complaints If any (Formula) | Y4: Fraud Investigation Status (Drop Down) | Z4: Start Date of Fraud Investigation (DD-MMM-YY) | AA4: End Date of Fraud Investigation (DD-MMM-YY) | AB4: Veification done by AH Name | AC4: Veification done by AH Emp Id | AD4: Number of borrowers verified by AH | AE4: Investigation done by IO Name | AF4: Investigation done by IO Emp ID | AG4: Number of borrowers verified by IO | AH4: Total No. of Borrowers Verified (Formula) | AI4: Total Fraud Amount (Post Investigation) (Formula) | AJ4: Total Amount Accounted (Amount updated in FIMO during Verification) (On or before Fraud Investigation) (Formula) | AK4: Total Amount Recovered (Amount Recovred from staff during FI) (On or before Fraud Investigation) (Formula) | AL4: Balance Net Fraud Amount to recover (Formula) | AM4: Total number of Borrowers Affected (Formula) | AN4: Investigation Report Submitted Date (DD-MMM-YY) | AO4: Investigation Officer Observations & Remarks
A5: 1 | B5: =IF(I5="", "", IF(MONTH(I5)>=4, "Q" & ROUNDUP((MONTH(I5)-3)/3,0) & " " & YEAR(I5)-2000 & "-" & YEAR(I5)-1999, "Q" & ROUNDUP((MONTH(I5)+9)/3,0) & " " & YEAR(I5)-2001 & "-" & YEAR(I5)-2000)) -> Q1 26-27 | C5: =IF('Physical Cash at Safe'!D28="Yes", 'Physical Cash at Safe'!B4, 'Borrower Wise Details'!B5) -> Raipur | D5: =IF('Physical Cash at Safe'!D28="Yes", 'Physical Cash at Safe'!A4, 'Borrower Wise Details'!C5) -> RJ3690 | E5: =IF(D5="", "", IF(ISBLANK('Loan Outstanding Report'!B5), IF('Physical Cash at Safe'!D28="Yes", 'Physical Cash at Safe'!A6, ""), 'Loan Outstanding Report'!B5)) -> North | F5: =IF(D5="", "", IF(ISBLANK('Loan Outstanding Report'!C5), IF('Physical Cash at Safe'!D28="Yes", 'Physical Cash at Safe'!E4, ""), 'Loan Outstanding Report'!C5)) -> Rajasthan 1 | G5: 46202 | H5: IA | I5: 46203 | J5: =IF('Physical Cash at Safe'!D28="Yes",'Physical Cash at Safe'!E28,IF('Borrower Wise Details'!D5<>"",'Borrower Wise Details'!D5,"")) -> FN26-27-00886 | K5: 0 | L5: 3785 | M5: 3785 | N5: Hari Ram Gurjar/SF0048368 | O5: Hitesh Kumar Sharma/SF0065077 | P5: Deepak Tewari/SF0071929 | Q5: Vipin Yadav/SF0071928 | R5: =IF('Physical Cash at Safe'!$D$28="Yes", 'Physical Cash at Safe'!$A$28, IF('Borrower Wise Details'!F5<>"", 'Borrower Wise Details'!F5, "")) -> Mamta Kunwar Chauhan | S5: =IF('Physical Cash at Safe'!$D$28="Yes", 'Physical Cash at Safe'!$C$28, IF('Borrower Wise Details'!H5<>"", 'Borrower Wise Details'!H5, "")) -> Credit Assistant | T5: =IF('Physical Cash at Safe'!$D$28="Yes", 'Physical Cash at Safe'!$B$28, IF('Borrower Wise Details'!G5<>"", 'Borrower Wise Details'!G5, "")) -> SF0103882 | U5: Suspended-Not Working | V5: 46205 | W5: =IF('Physical Cash at Safe'!$D$28="Yes", "Safe Locker Cash Siphoned Off", IF('Borrower Wise Details'!$P$5<>"",'Borrower Wise Details'!$P$5,"") ) -> Safe Locker Cash Siphoned Off | X5: {=IF('Borrower Wise Details'!P5="","", IF('Physical Cash at Safe'!$D$28="Yes", IF(COUNT('Borrower Wise Details'!$P$5:$P$1003)<>"", IFERROR( _xlfn.TEXTJOIN("/",TRUE,_xlfn.UNIQUE(_xlfn._xlws.FILTER('Borrower Wise Details'!$P$5:$P$1003,'Borrower Wise Details'!$P$5:$P$1003<>""))), "" ), "" ), IF(COUNT('Borrower Wise Details'!$P$5:$P$1003)<>"", IFERROR( _xlfn.TEXTJOIN("/",TRUE,_xlfn.UNIQUE(_xlfn._xlws.FILTER('Borrower Wise Details'!$P$5:$P$1003,('Borrower Wise Details'!$P$5:$P$1003<>"")*('Borrower Wise Details'!$P$5:$P$1003<>INDEX(_xlfn._xlws.FILTER('Borrower Wise Details'!$P$5:$P$1003,'Borrower Wise Details'!$P$5:$P$1003<>""),1))))), "" ), "" ) ) )} | Y5: Completed-Report Submitted | Z5: 46224 | AA5: 46224 | AB5: NA | AC5: NA | AD5: NA | AE5: Trilok Kumar Panchal | AF5: SF0078195 | AG5: 0 | AH5: {=IF(COUNTA('Loan Outstanding Report'!$BI$5:$BI$6000)=0,"",SUMPRODUCT(--(FREQUENCY(IF('Loan Outstanding Report'!$BI$5:$BI$6000<>"",MATCH('Loan Outstanding Report'!$S$5:$S$6000,'Loan Outstanding Report'!$S$5:$S$6000,0)),ROW('Loan Outstanding Report'!$S$5:$S$6000)-ROW('Loan Outstanding Report'!S5)+1)>0)))} -> 1 | AI5: {=IF(AND(COUNTA('Borrower Wise Details'!$R$5:$R$1004)=0, 'Physical Cash at Safe'!$D$28<>"Yes"), "", IF('Physical Cash at Safe'!$D$28="Yes", 'Physical Cash at Safe'!$A$30 + SUM(SUMIFS('Borrower Wise Details'!$R$5:$R$1004, 'Borrower Wise Details'!$P$5:$P$1004, {"Collection Amount Misappropriated","Pre-Closure Amount Misappropriated","Disbursed Amount Recollected","Advance Collection Amount Misappropriated","Loan Amount Misappropriation"})), SUM(SUMIFS('Borrower Wise Details'!$R$5:$R$1004, 'Borrower Wise Details'!$P$5:$P$1004, {"Collection Amount Misappropriated","Pre-Closure Amount Misappropriated","Disbursed Amount Recollected","Advance Collection Amount Misappropriated","Loan Amount Misappropriation"})) ) )} -> 0 | AJ5: {=IF(AND(COUNTA('Borrower Wise Details'!$S$5:$S$1004, 'Borrower Wise Details'!$T$5:$T$1004)=0, 'Physical Cash at Safe'!$D$28<>"Yes"), "", IF('Physical Cash at Safe'!$D$28="Yes", 'Physical Cash at Safe'!$B$30 + SUM(SUMIFS('Borrower Wise Details'!$S$5:$S$1004, 'Borrower Wise Details'!$P$5:$P$1004, {"Collection Amount Misappropriated","Pre-Closure Amount Misappropriated","Disbursed Amount Recollected","Advance Collection Amount Misappropriated","Loan Amount Misappropriation"})) + SUM(SUMIFS('Borrower Wise Details'!$T$5:$T$1004, 'Borrower Wise Details'!$P$5:$P$1004, {"Collection Amount Misappropriated","Pre-Closure Amount Misappropriated","Disbursed Amount Recollected","Advance Collection Amount Misappropriated","Loan Amount Misappropriation"})), SUM(SUMIFS('Borrower Wise Details'!$S$5:$S$1004, 'Borrower Wise Details'!$P$5:$P$1004, {"Collection Amount Misappropriated","Pre-Closure Amount Misappropriated","Disbursed Amount Recollected","Advance Collection Amount Misappropriated","Loan Amount Misappropriation"})) + SUM(SUMIFS('Borrower Wise Details'!$T$5:$T$1004, 'Borrower Wise Details'!$P$5:$P$1004, {"Collection Amount Misappropriated","Pre-Closure Amount Misappropriated","Disbursed Amount Recollected","Advance Collection Amount Misappropriated","Loan Amount Misappropriation"})) ) )} -> 0 | AK5: 0 | AL5: =IFERROR(IF(COUNTA(AI:AK5)=0,"",AI5-(AJ5+AK5)),"") -> 0 | AM5: {=IF(COUNTA('Borrower Wise Details'!$J$5:$J$1003)=0,"", SUMPRODUCT(--(FREQUENCY( IF(('Borrower Wise Details'!$J$5:$J$1003<>""),IF(ISNUMBER(SEARCH({"Collection Amount Misappropriated","Pre-Closure Amount Misappropriated","Disbursed Amount Recollected","Advance Collection Amount Misappropriated","Loan Amount Misappropriation"},'Borrower Wise Details'!$P$5:$P$1003)),MATCH('Borrower Wise Details'!$J$5:$J$1003,'Borrower Wise Details'!$J$5:$J$1003,0))), ROW('Borrower Wise Details'!$J$5:$J$1003)-ROW('Borrower Wise Details'!$J$5)+1)>0)))} -> 0 | AN5: 46230 | AO5: Dear Team, This case pertains to the physical cash siphoning by Branch Manager Shanker Lal Meean (SF0063044). The entire siphoned amount has been successfully recovered and deposited into the Head Office bank account. Credit Assistant Mamta Kunwar Chauhan (SF0103882) was only the second key holder and had recently joined the branch. She was not fully aware of the responsibilities associated with key custody and had handed over her key to the Branch Manager. On the day of the physical cash verification, both cash safe keys were found to be in the possession of the Branch Manager. Further, no direct involvement of the Credit Assistant in the cash siphoning has been established during the investigation.

Sheet Cash Embezzelment
A1: Spandana Sphoorty Financial Limited
A2: Fraud Risk Management Department
A3: Cash Embezzlement by Branch Staff | H3: Type of Fraud Amount
A4: Sr. No. | B4: Branch ID (Formula) | C4: Branch Name (Formula) | D4: Fradulent Staff Name (Formula) | E4: Fradulent Staff Emp ID (Formula) | F4: Fraudulent Staff Designation (Formula) | G4: Complaint Number (Formula) | H4: Safe Locker Cash Siphoned Off (Formula) | I4: Collection Amount Misappropriated (Formula) | J4: Pre-Closure Amount Misappropriated (Formula) | K4: Disbursed Amount Recollected (Formula) | L4: Advance Collection Amount Misappropriated (Formula) | M4: Loan Amount Misappropriation (Formula) | N4: Total Fraud Amount (Formula) | O4: Recovery Amount (Formula) | P4: Net Fraud Amount (Formula) | Q4: Fraud details of CDL Product (If Any) | R4: Police Complant/FIR Status (Drop Down)
A5: 1 | B5: =IF('Fraud Investigation Report'!C5="", "", 'Fraud Investigation Report'!C5) -> Raipur | C5: =IF('Fraud Investigation Report'!D5="", "", 'Fraud Investigation Report'!D5) -> RJ3690 | D5: =IF(OR('Fraud Investigation Report'!R5="", 'Fraud Investigation Report'!R5=0), "", 'Fraud Investigation Report'!R5) -> Mamta Kunwar Chauhan | E5: =IF(OR('Fraud Investigation Report'!T5="", 'Fraud Investigation Report'!T5=0), "", 'Fraud Investigation Report'!T5) -> SF0103882 | F5: =IF(OR('Fraud Investigation Report'!S5="", 'Fraud Investigation Report'!S5=0), "", 'Fraud Investigation Report'!S5) -> Credit Assistant | G5: =IF('Fraud Investigation Report'!J5="", "", 'Fraud Investigation Report'!J5) -> FN26-27-00886 | H5: =IF(OR(ISNUMBER(SEARCH("Safe Locker Cash Siphoned Off",'Fraud Investigation Report'!W5)), ISNUMBER(SEARCH("Safe Locker Cash Siphoned Off",'Fraud Investigation Report'!X5))), 'Physical Cash at Safe'!$A$30, "") -> 0 | I5: =IF(OR(ISNUMBER(SEARCH("Collection Amount Misappropriated",'Fraud Investigation Report'!W5)), ISNUMBER(SEARCH("Collection Amount Misappropriated",'Fraud Investigation Report'!X5))), SUMIFS('Borrower Wise Details'!$R$5:$R$1003, 'Borrower Wise Details'!$P$5:$P$1003, "Collection Amount Misappropriated"), "" ) | J5: =IF(OR(ISNUMBER(SEARCH("Pre-Closure Amount Misappropriated",'Fraud Investigation Report'!W5)), ISNUMBER(SEARCH("Pre-Closure Amount Misappropriated",'Fraud Investigation Report'!X5))), SUMIFS('Borrower Wise Details'!$R$5:$R$1003, 'Borrower Wise Details'!$P$5:$P$1003, "Pre-Closure Amount Misappropriated"), "" ) | K5: =IF(OR(ISNUMBER(SEARCH("Disbursed Amount Recollected",'Fraud Investigation Report'!W5)), ISNUMBER(SEARCH("Disbursed Amount Recollected",'Fraud Investigation Report'!X5))), SUMIFS('Borrower Wise Details'!$R$5:$R$1003, 'Borrower Wise Details'!$P$5:$P$1003, "Disbursed Amount Recollected"), "" ) | L5: =IF(OR(ISNUMBER(SEARCH("Advance Collection Amount Misappropriated",'Fraud Investigation Report'!W5)),ISNUMBER(SEARCH("Advance Collection Amount Misappropriated",'Fraud Investigation Report'!X5))), SUMIFS('Borrower Wise Details'!$R$5:$R$1003,'Borrower Wise Details'!$P$5:$P$1003,"Advance Collection Amount Misappropriated"), "" ) | M5: =IF(OR(ISNUMBER(SEARCH("Loan Amount Misappropriation",'Fraud Investigation Report'!W5)), ISNUMBER(SEARCH("Loan Amount Misappropriation",'Fraud Investigation Report'!X5))), SUMIFS('Borrower Wise Details'!$R$5:$R$1003, 'Borrower Wise Details'!$P$5:$P$1003, "Loan Amount Misappropriation"), "" ) | N5: =SUM(H5:M5) -> 0 | O5: =IFERROR('Fraud Investigation Report'!AJ5+'Fraud Investigation Report'!AK5,"") -> 0 | P5: =IF(AND(N5="", O5=""), "", IF(O5="", N5, N5 - IF(ISNUMBER(O5), O5, 0))) -> 0

Sheet Physical Cash at Safe
A1: Spandana Sphoorty Financial Limited
B2: Fraud Risk Management Department
A3: Branch Code | B3: Branch Name | C3: Area | D3: Region | E3: Zone
A4: RJ3690 | B4: Raipur | C4: Kaithoon | D4: Kota | E4: North
A5: State | B5: FIMO Opening Balance Date (DD-MMM-YY) | C5: Denomination Register Date (DD-MMM-YY) | D5: Date of Verification (DD-MMM-YY) | E5: Time of Verification (24 Hrs.) (HH:MM)
A6: Rajasthan 1 | B6: 46202 | C6: 46200 | D6: 46202 | E6: 0.27083333
A7: Physical Cash Verification Certificate
A8: Note Denomination | B8: Cash as per FIMO | D8: Cash as per Physical Verification
B9: Number | C9: Amount (Rs.) | D9: Number | E9: Amount (Rs.)
A10: 2000 | C10: =B10*A10 -> 0 | E10: =D10*A10 -> 0
A11: 500 | B11: 15 | C11: =B11*A11 -> 7500 | E11: =D11*A11 -> 0
A12: 200 | C12: =B12*A12 -> 0 | E12: =D12*A12 -> 0
A13: 100 | C13: =B13*A13 -> 0 | E13: =D13*A13 -> 0
A14: 50 | C14: =B14*A14 -> 0 | E14: =D14*A14 -> 0
A15: 20 | C15: =B15*A15 -> 0 | E15: =D15*A15 -> 0
A16: 10 | B16: 7 | C16: =B16*A16 -> 70 | E16: =D16*A16 -> 0
A17: 5 | C17: =B17*A17 -> 0 | E17: =D17*A17 -> 0
A18: All Coins | C18: =B18 -> 0 | E18: =D18 -> 0
B19: Total | C19: =SUM(C10:C18) -> 7570 | D19: Total | E19: =SUM(E10:E18) -> 0
A20: Denomination Register Opening Cash Balance | C20: 7570 | D20: Petty Expenses | E20: 0
A21: Collection Amount | C21: 0 | D21: Bank Deposit Amount | E21: 0
A22: Counter Fiet Notes (If Any) Mention Denomination in Remarks | C22: 0 | D22: Availability of Deposit Slip (Drop Down)
A23: Difference (Excess/Short) | C23: =(C19+C21)-(E20+E21)-E19 -> 7570 | D23: Digital payment in Branch staff personal a/c Amount | E23: 0
A24: Investigation Officer Remarks for the Differences | B24: This case pertains to the physical cash siphoning by Branch Manager Shanker Lal Meean (SF0063044). The entire siphoned amount has been successfully recovered and deposited into the Head Office bank account. Credit Assistant Mamta Kunwar Chauhan (SF0103882) was only the second key holder and had recently joined the branch. She was not fully aware of the responsibilities associated with key custody and had handed over her key to the Branch Manager. On the day of the physical cash verification, both cash safe keys were found to be in the possession of the Branch Manager. Further, no direct involvement of the Credit Assistant in the cash siphoning has been established during the investigation.
A25: Explanation provided by Branch Manager | B25: During the discussion, the Branch Manager confirmed that the physical cash amounting to ₹7,570 was neither available in the branch nor reflected in his bank account. As the amount was found to be completely short, he instructed another person to deposit the amount into the company's bank account. Subsequently, the shortage amount of ₹7,570 was deposited into the company's bank account on 29-Jun-2026 (morning), thereby recovering the entire shortage
A26: Physical Cash Siphoned Off Details
A27: Cash Siphoned Off by EMP Name | B27: Cash Siphoned Off by Emp ID | C27: Cash Siphoned Off by Emp Designation | D27: Cash Siphoned Off (Drop Down) | E27: Complaint Number
A28: Mamta Kunwar Chauhan | B28: SF0103882 | C28: Credit Assistant | D28: Yes | E28: FN26-27-00886
A29: Cash Siphoned Off Amount (Gross Fraud) | B29: Recovery Amount | C29: Cash Siphoned Off Amount (Net Fraud) | D29: Cash Siphoned Off Details (Drop Down)
A30: 0 | B30: 0 | C30: =IF(AND(A30="",B30=""),"",A30-B30) -> 0 | D30: Safe Locker Cash Siphoned Off
A32: Safe Keys Handled by (Drop Down) | B32: Dual Staff | C32: Updation of Key Register (Drop Down) | D32: Available & Updated
A33: "Right" Key Number | B33: G-1 | C33: "Left" Key Number | D33: G-2
A34: "Right" Key Holder Name (Physical) | B34: Shankar Lal Meena | C34: "Left" Key Holder Name (Physical) | D34: Mamta Kunwar
A35: "Right" Key Holder Emp ID (Physical) | B35: SF0063044 | C35: "Left" Key Holder Emp ID (Physical) | D35: SF0103882
A36: "Right" Key Holder Designation (Physical) | B36: Branch Manager | C36: "Left" Key Holder Designation (Physical) | D36: Credit Assistant

Sheet Borrower Wise Details
A1: Spandana Sphoorty Financial Limited
A2: Fraud Risk Management Department
A3: Borrower Wise Details Ver 1.2 | E3: Home | F3: Loan O/s Report | U3: Home | V3: Loan O/s Report
A4: Sr. No. | B4: Branch Code (Formula) | C4: Branch Name (Formula) | D4: Complaint No. (Formula from 2 row) | E4: Date of IO Visit (DD/MMM/YY) | F4: Fradulent Staff Name (Formula from 2 row) | G4: Fradulent Staff Emp. ID (Formula from 2 row) | H4: Fraudulent Staff Designation (Formula from 2 row) | I4: Center Number | J4: Customer ID | K4: Borrower Name | L4: Loan ID | M4: Date of Disbursement as per FIMO (DD/MM/YY) | N4: Disbursed Amount as per FIMO | O4: Installment Amount as per FIMO | P4: Type of Amount Collected (Drop Down) | Q4: Date of Collection (DD/MM/YY) | R4: Total Amount Collected (Gross Fraud) | S4: Amount Adjusted & Accounted in FIMO | T4: Amount Recovered But "Not" Accounted in FIMO | U4: Difference Amount (Net Fraud) (Formula) | V4: Availability of Evidence | W4: Remarks (If Applicable)
A5: 1 | B5: =IF('Loan Outstanding Report'!$G$5="", "", 'Loan Outstanding Report'!$G$5) -> RJ3690 | C5: =IF('Loan Outstanding Report'!$H$5="", "", 'Loan Outstanding Report'!$H$5) -> Raipur | D5: FN26-27-00886 | E5: 46202 | F5: Mamta Kunwar Chauhan | G5: SF0103882 | H5: Credit Assistant | J5: 0 | M5: 07-Aug-2024 | N5: 42000 | O5: 520 | Q5: 17-Jul-2026 | R5: 0 | S5: 0 | T5: 0 | U5: =IF(AND(ISBLANK(R5),ISBLANK(S5),ISBLANK(T5)),"",R5-(S5+T5)) -> 0
A6: 2 | B6: =IF(J6<>"", $B$5, "") | C6: =IF(J6<>"", $C$5, "") | D6: =IF(J6<>"", $D$5, "") | F6: =IF(J6<>"", $F$5, "") | G6: =IF(J6<>"", $G$5, "") | H6: =IF(J6<>"", $H$5, "") | U6: =IF(AND(ISBLANK(R6),ISBLANK(S6),ISBLANK(T6)),"",R6-(S6+T6))
A7: 3 | B7: =IF(J7<>"", $B$5, "") | C7: =IF(J7<>"", $C$5, "") | D7: =IF(J7<>"", $D$5, "") | F7: =IF(J7<>"", $F$5, "") | G7: =IF(J7<>"", $G$5, "") | H7: =IF(J7<>"", $H$5, "") | U7: =IF(AND(ISBLANK(R7),ISBLANK(S7),ISBLANK(T7)),"",R7-(S7+T7))
A8: 4 | B8: =IF(J8<>"", $B$5, "") | C8: =IF(J8<>"", $C$5, "") | D8: =IF(J8<>"", $D$5, "") | F8: =IF(J8<>"", $F$5, "") | G8: =IF(J8<>"", $G$5, "") | H8: =IF(J8<>"", $H$5, "") | U8: =IF(AND(ISBLANK(R8),ISBLANK(S8),ISBLANK(T8)),"",R8-(S8+T8))
A9: 5 | B9: =IF(J9<>"", $B$5, "") | C9: =IF(J9<>"", $C$5, "") | D9: =IF(J9<>"", $D$5, "") | F9: =IF(J9<>"", $F$5, "") | G9: =IF(J9<>"", $G$5, "") | H9: =IF(J9<>"", $H$5, "") | U9: =IF(AND(ISBLANK(R9),ISBLANK(S9),ISBLANK(T9)),"",R9-(S9+T9))
A10: 6 | B10: =IF(J10<>"", $B$5, "") | C10: =IF(J10<>"", $C$5, "") | D10: =IF(J10<>"", $D$5, "") | F10: =IF(J10<>"", $F$5, "") | G10: =IF(J10<>"", $G$5, "") | H10: =IF(J10<>"", $H$5, "") | U10: =IF(AND(ISBLANK(R10),ISBLANK(S10),ISBLANK(T10)),"",R10-(S10+T10))
A11: 7 | B11: =IF(J11<>"", $B$5, "") | C11: =IF(J11<>"", $C$5, "") | D11: =IF(J11<>"", $D$5, "") | F11: =IF(J11<>"", $F$5, "") | G11: =IF(J11<>"", $G$5, "") | H11: =IF(J11<>"", $H$5, "") | U11: =IF(AND(ISBLANK(R11),ISBLANK(S11),ISBLANK(T11)),"",R11-(S11+T11))
A12: 8 | B12: =IF(J12<>"", $B$5, "") | C12: =IF(J12<>"", $C$5, "") | D12: =IF(J12<>"", $D$5, "") | F12: =IF(J12<>"", $F$5, "") | G12: =IF(J12<>"", $G$5, "") | H12: =IF(J12<>"", $H$5, "") | U12: =IF(AND(ISBLANK(R12),ISBLANK(S12),ISBLANK(T12)),"",R12-(S12+T12))
A13: 9 | B13: =IF(J13<>"", $B$5, "") | C13: =IF(J13<>"", $C$5, "") | D13: =IF(J13<>"", $D$5, "") | F13: =IF(J13<>"", $F$5, "") | G13: =IF(J13<>"", $G$5, "") | H13: =IF(J13<>"", $H$5, "") | U13: =IF(AND(ISBLANK(R13),ISBLANK(S13),ISBLANK(T13)),"",R13-(S13+T13))
A14: 10 | B14: =IF(J14<>"", $B$5, "") | C14: =IF(J14<>"", $C$5, "") | D14: =IF(J14<>"", $D$5, "") | F14: =IF(J14<>"", $F$5, "") | G14: =IF(J14<>"", $G$5, "") | H14: =IF(J14<>"", $H$5, "") | U14: =IF(AND(ISBLANK(R14),ISBLANK(S14),ISBLANK(T14)),"",R14-(S14+T14))
A15: 11 | B15: =IF(J15<>"", $B$5, "") | C15: =IF(J15<>"", $C$5, "") | D15: =IF(J15<>"", $D$5, "") | F15: =IF(J15<>"", $F$5, "") | G15: =IF(J15<>"", $G$5, "") | H15: =IF(J15<>"", $H$5, "") | U15: =IF(AND(ISBLANK(R15),ISBLANK(S15),ISBLANK(T15)),"",R15-(S15+T15))
A16: 12 | B16: =IF(J16<>"", $B$5, "") | C16: =IF(J16<>"", $C$5, "") | D16: =IF(J16<>"", $D$5, "") | F16: =IF(J16<>"", $F$5, "") | G16: =IF(J16<>"", $G$5, "") | H16: =IF(J16<>"", $H$5, "") | U16: =IF(AND(ISBLANK(R16),ISBLANK(S16),ISBLANK(T16)),"",R16-(S16+T16))
A17: 13 | B17: =IF(J17<>"", $B$5, "") | C17: =IF(J17<>"", $C$5, "") | D17: =IF(J17<>"", $D$5, "") | F17: =IF(J17<>"", $F$5, "") | G17: =IF(J17<>"", $G$5, "") | H17: =IF(J17<>"", $H$5, "") | U17: =IF(AND(ISBLANK(R17),ISBLANK(S17),ISBLANK(T17)),"",R17-(S17+T17))
... A103: 99 | B103: =IF(J103<>"", $B$5, "") | C103: =IF(J103<>"", $C$5, "") | D103: =IF(J103<>"", $D$5, "") | F103: =IF(J103<>"", $F$5, "") | G103: =IF(J103<>"", $G$5, "") | H103: =IF(J103<>"", $H$5, "") | U103: =IF(AND(ISBLANK(R103),ISBLANK(S103),ISBLANK(T103)),"",R103-(S103+T103))
A104: 100 | B104: =IF(J104<>"", $B$5, "") | H104: =IF(J104<>"", $H$5, "") | U104: =IF(AND(ISBLANK(R104),ISBLANK(S104),ISBLANK(T104)),"",R104-(S104+T104))
A105: 101 | U105: =IF(AND(ISBLANK(R105),ISBLANK(S105),ISBLANK(T105)),"",R105-(S105+T105))
A106: 102 | U106: =IF(AND(ISBLANK(R106),ISBLANK(S106),ISBLANK(T106)),"",R106-(S106+T106))
A107: 103 | U107: =IF(AND(ISBLANK(R107),ISBLANK(S107),ISBLANK(T107)),"",R107-(S107+T107))
A108: 104 | U108: =IF(AND(ISBLANK(R108),ISBLANK(S108),ISBLANK(T108)),"",R108-(S108+T108))
A109: 105 | U109: =IF(AND(ISBLANK(R109),ISBLANK(S109),ISBLANK(T109)),"",R109-(S109+T109))
A110: 106 | U110: =IF(AND(ISBLANK(R110),ISBLANK(S110),ISBLANK(T110)),"",R110-(S110+T110))
A111: 107 | U111: =IF(AND(ISBLANK(R111),ISBLANK(S111),ISBLANK(T111)),"",R111-(S111+T111))
A112: 108 | U112: =IF(AND(ISBLANK(R112),ISBLANK(S112),ISBLANK(T112)),"",R112-(S112+T112))
A113: 109 | U113: =IF(AND(ISBLANK(R113),ISBLANK(S113),ISBLANK(T113)),"",R113-(S113+T113))
A114: 110 | U114: =IF(AND(ISBLANK(R114),ISBLANK(S114),ISBLANK(T114)),"",R114-(S114+T114))
A115: 111 | U115: =IF(AND(ISBLANK(R115),ISBLANK(S115),ISBLANK(T115)),"",R115-(S115+T115))
A116: 112 | U116: =IF(AND(ISBLANK(R116),ISBLANK(S116),ISBLANK(T116)),"",R116-(S116+T116))
... A1003: 999 | U1003: =IF(AND(ISBLANK(R1003),ISBLANK(S1003),ISBLANK(T1003)),"",R1003-(S1003+T1003))

Sheet Loan Outstanding Report
A1: From Date :
A2: To Date :
A3: Reporting Time : | BG3: Home | BH3: Borrower Wise Details | BP3: Home | BQ3: Borrower Wise Details
A4: S No | B4: Zone | C4: State | D4: Region | E4: Area | F4: Cluster | G4: Branch Code | H4: Branch | I4: Village Id | J4: Village | K4: Village ID | L4: CSR EMP ID | M4: CSR NAME | N4: Center Id | O4: Center Number | P4: Group ID | Q4: Group Name | R4: Product Name | S4: Cust ID | T4: UCIC | U4: Caste | V4: Religion | W4: PPI Score | X4: Loan purpose | Y4: Loan No. | Z4: Customer Name | AA4: Disb date | AB4: Loan Amount | AC4: Center Meeting Date | AD4: No of Instalments | AE4: Loan Cycle | AF4: Vintage | AG4: Client Formation Date | AH4: Vintage Bracket | AI4: First Installment Date | AJ4: First EMI amount | AK4: Second EMI amount | AL4: Last Repaid Date | AM4: Principal Collection | AN4: Interest Collection | AO4: Total Collection | AP4: Outstanding Principal | AQ4: Outstanding Interest | AR4: Outstanding Total | AS4: Over Due Prin | AT4: Over Due Int | AU4: Over Due Total | AV4: No of Installments Paid | AW4: OD days | AX4: Ageing Bucket | AY4: Last Prepayment Date | AZ4: Prepayment Prin | BA4: Prepayment Interest | BB4: Loan Status | BC4: Death Flag | BD4: Woff date | BE4: Woff Amount | BF4: Ucic | BG4: Borrower Mobile Number | BH4: IO Staff Name/ID (Ex: Ganesh/SF0072845) | BI4: Verification Status (Drop Down) | BJ4: IO Visited Date (DD-MMM-YY) | BK4: Availability of Borrower (Dropdown) | BL4: Confirmed By (Drop Down) | BM4: Availability of Loan Card (Drop Down) | BN4: Cash Misappropriation Status (Drop Down) | BO4: Total Fraud Amount | BP4: Availability of Evidence (Drop Down) | BQ4: Remarks
A5: 1 | B5: North | C5: Rajasthan 1 | D5: Kota | E5: Kaithoon | F5: Kaithoon | G5: RJ3690 | H5: Raipur | I5: 224869 | J5: Prithya Kheri | K5: 224869 | L5: SF0101269 | M5: Babita Rajput | N5: 529970 | O5: Dev nager C1 | P5: 883311 | Q5: Dev nager C1 Jumki Road Davnager1 | R5: Chetana Weekly | S5: SSF6388757 | T5: SSF6388757 | U5: EBC | V5: HINDU | W5: 541 | X5: Animal Husbandry & Poultry | Y5: 357780498 | Z5: JYOTI BAI | AA5: 07-Aug-2024 | AB5: 42000 | AD5: 102 | AE5: GL-1 | AF5: 1.96 Yrs | AG5: 07 Aug 2024 | AH5: <= 2 Years | AI5: 15-Aug-2024 | AJ5: 520 | AK5: 520 | AL5: 17-Jul-2026 | AM5: 41228.53 | AN5: 11291.47 | AO5: 52520 | AP5: 771.47 | AQ5: 4.53 | AR5: 776 | AS5: 0 | AT5: 0 | AU5: 0 | AV5: 101 | BB5: Open | BE5: 0 | BF5: SSF6388757 | BG5: 9521799721 | BH5: Trilok Kumar Panchal/SF0078195 | BI5: Visited | BJ5: 46202 | BK5: Borrower Available | BL5: Borrower | BM5: Available | BN5: No | BO5: 0 | BQ5: The borrower was included in the report solely for formula/calculation purposes. No field visit was conducted for this borrower, and the record was added only to support the report's formula requirements.
A6: 2
A7: 3
A8: 4
A9: 5
A10: 6
A11: 7
A12: 8
A13: 9
A14: 10
A15: 11
A16: 12
A17: 13
... A6004: 6000
